 Dungeon Crawl Stone Soup version 0.20.1-1-g8b1a95d (webtiles) character file.

19156 mobi the Fighter (level 12, 117/117 HPs)
             Began as a Minotaur Gladiator on July 12, 2017.
             Was an Elder of Makhleb.
             Quit the game on level 1 of the Abyss.
             The game lasted 01:01:46 (12654 turns).

mobi the Fighter (Minotaur Gladiator)              Turns: 12654, Time: 01:01:46

Health: 117/117    AC: 20    Str: 22    XL:     12   Next: 34%
Magic:  16/16      EV: 14    Int:  5    God:    Makhleb [****..]
Gold:   750        SH:  0    Dex: 14    Spells: 11/11 levels left

rFire    . . .     SeeInvis +   a - +4 quarterstaff (chaos)
rCold    . . .     Gourm    .   (shield currently unavailable)
rNeg     + . .     Faith    .   v - +2 chain mail {MR+}
rPois    .         Spirit   .   Z - +2 hat
rElec    .         Reflect  .   s - +1 cloak
rCorr    .         Harm     .   D - +0 pair of gloves
MR       +....                  (no boots)
Stlth    ..........             r - amulet of magic regeneration
Regen    0.3/turn               P - ring of see invisible
MPRegen  0.3/turn               x - ring of positive energy

@: no status effects
A: retaliatory headbutt, horns 2
a: Minor Destruction, Lesser Servant of Makhleb, Major Destruction, Renounce
Religion


You were on level 1 of the Abyss.
You worshipped Makhleb.
Makhleb was greatly pleased with you.
You were hungry.

You visited 2 branches of the dungeon, and saw 13 of its levels.
You visited the Abyss 1 time.
You also visited: Ossuary.

You collected 750 gold pieces.

Inventory:

Hand Weapons
 a - a +4 quarterstaff of chaos (weapon)
 b - a +0 shortbow
 Y - a +0 hunting sling
Missiles
 i - 8 tomahawks (quivered)
 o - 189 bolts
 F - 20 sling bullets
 K - 84 arrows
 S - 2 silver javelins
Armour
 c - a +1 buckler of reflection
 s - a +1 cloak (worn)
 v - a +2 chain mail of magic resistance (worn)
 D - a +0 pair of gloves (worn)
 X - a +0 plate armour
 Z - a +2 hat (worn)
Magical Staves
 C - an uncursed staff of earth {unknown}
Jewellery
 r - an amulet of magic regeneration (around neck)
 x - a ring of positive energy (right hand)
 G - an uncursed ring of fire
 P - a ring of see invisible (left hand)
 Q - an uncursed ring of ice
Wands
 e - a wand of digging (8/24)
 I - a wand of clouds (0/9)
Scrolls
 f - a scroll of identify
 g - a scroll of noise {unknown}
 j - 8 scrolls of teleportation
 k - 2 scrolls of immolation
 n - 3 scrolls of enchant armour
 t - a scroll of brand weapon {unknown}
 B - 3 scrolls of enchant weapon
 O - 3 scrolls of magic mapping
 T - a scroll of silence {unknown}
 V - 3 scrolls of remove curse
Potions
 d - 2 potions of invisibility
 h - a potion of haste {unknown}
 l - a potion of heal wounds {unknown}
 q - a potion of might
 u - 10 potions of curing
 w - 3 potions of mutation
 z - 2 potions of ambrosia
 A - a potion of berserk rage
 H - a potion of flight {unknown}
 J - a potion of brilliance
 R - a potion of lignification {unknown}
Books
 y - a book of Misfortune

   Spells                             Type                      Level
   a - Confusing Touch                Hexes                        1
   b - Confuse                        Hexes                        3
   c - Gell's Gravitas                Translocation                3
   d - Petrify                        Transmutation/Earth          4
   e - Metabolic Englaciation         Hexes/Ice                    5
   f - Yara's Violent Unravelling     Hexes/Transmutation          5
 E - a book of Battle

   Spells                             Type                      Level
   a - Infusion                       Charms                       1
   b - Shroud of Golubria             Charms/Translocation         2
   c - Song of Slaying                Charms                       2
   d - Spectral Weapon                Hexes/Charms                 3
   e - Regeneration                   Charms/Necromancy            3
 U - a book of Conjurations

   Spells                             Type                      Level
   a - Magic Dart                     Conjuration                  1
   b - Searing Ray                    Conjuration                  2
   c - Dazzling Spray                 Conjuration/Hexes            3
   d - Fulminant Prism                Conjuration/Hexes            4
   e - Force Lance                    Conjuration/Translocation    4
   f - Iskenderun's Mystic Blast      Conjuration                  4
 W - a book of Geomancy

   Spells                             Type                      Level
   a - Sandblast                      Earth                        1
   b - Passwall                       Transmutation/Earth          2
   c - Stone Arrow                    Conjuration/Earth            3
   d - Petrify                        Transmutation/Earth          4
   e - Lee's Rapid Deconstruction     Earth                        5
Miscellaneous
 M - a phantom mirror
 N - a fan of gales
Comestibles
 m - 10 meat rations
 p - 7 royal jellies
 L - 4 bread rations


   Skills:
 - Level 14.0 Fighting
   Level 8.9 Polearms
 - Level 2.0 Throwing
 - Level 11.4 Armour
 - Level 11.1 Dodging
 + Level 6.7 Invocations


You had 11 spell levels left.
You didn't know any spells.

Dungeon Overview and Level Annotations

Branches:
Dungeon (10/15)            Temple (0/1) D:7            Lair (3/6) D:8
  Swamp (0/4) Lair:2
  Snake: Lair:2-4    Spider: Lair:2-4       Orc: D:9-12

Altars:
Elyvilon
Fedhas
Gozag
Kikubaaqudgha
Makhleb
Sif Muna
Trog
Yredelemnul
Zin
The Shining One

Shops:
D:4 %   D:6 [

Annotations:
Lair:2 Sonja


Innate Abilities, Weirdness & Mutations

You reflexively headbutt those who attack you in melee.
You have a pair of horns on your head.


Message History

You are cast into the Abyss!
To return, you must find a gate leading back.
Killing monsters will force the Abyss to allow you passage.
This branch contains the abyssal rune of Zot.
Found a scroll of identify and a scale mail.
Unknown command.
f - a scroll of identify You see here a scale mail.
You are feeling hungry.
You now have 750 gold pieces (gained 42).
HP restored.
B - 3 scrolls of enchant weapon (gained 1)
K - 84 arrows (gained 20)
A rakshasa assembles itself!
It is wielding a long sword.
Found a falchion.
A tentacled starspawn comes into view.
Found a scroll of magic mapping.
A tentacle flies out from the starspawn's body!
A starspawn tentacle comes into view.
Are you sure you want to abandon this character and quit the game? (Confirm with "yes".)

#.) #...#.. ...
#... .....# ..
...# ...§# ..
.#..#..### . #
##?..#....# .#.#
##..##.# $# .#
#.....###.##..#
#@..#....########.
#....##..R#....§R)
#.#.##.##.#.##.#
#...#..wX.#...
#########...# .#
#. #.....##.#. .
#.... ....# .. ..
#####.##.##..##
#...#.###..#.


You could see a tentacled starspawn and a starspawn tentacle.

Vanquished Creatures
  Gastronok (D:8)
  Harold (Lair:1)
  5 two-headed ogres
  3 death yaks
  Pikel (D:5)
  3 spiny frogs
  A hornet (D:10)
  Grinder (D:6)
  3 blink frogs
  4 hippogriffs
  18 yaks
  3 hogs (D:7)
  A human (D:7)
  A basilisk (Lair:2)
  Grum (D:9)
  Menkaure (D:5)
  3 water moccasins
  A porcupine (D:8)
  2 orc warriors
  A phantom (D:6)
  An ice beast (D:6)
  3 slaves
  A black bear (D:6)
  A necrophage (D:7)
  2 eyes of draining (D:9)
  8 ogres
  2 wolves (D:9)
  2 centaurs
  A crocodile (D:9)
  Blork the orc (D:5)
  6 bullfrogs
  A gnoll sergeant (D:9)
  9 scorpions
  10 killer bees
  3 howler monkeys
  3 crimson imps
  5 hounds
  A human zombie (Ossuary)
  Crazy Yiuf (D:2)
  2 bullfrog zombies
  A jelly (D:7)
  A bullfrog skeleton (D:9)
  6 orc priests
  13 orc wizards
  3 centaur skeletons
  Terence (D:2)
  4 iguanas
  7 worker ants
  2 hell rats (D:8)
  A hound skeleton (D:10)
  3 mummies (Ossuary)
  8 gnolls
  2 scorpion zombies (Ossuary)
  8 adders
  3 shadow imps
  3 oozes
  An adder zombie (D:7)
  3 adder skeletons
  4 worms
  2 dart slugs
  2 leopard geckos
  39 orcs
  5 ball pythons
  4 bats (D:2)
  3 giant cockroaches
  4 gnoll zombies (Ossuary)
  A goblin (D:2)
  6 hobgoblins
  4 quokkas
  2 frilled lizards
  2 goblin zombies (Ossuary)
  2 hobgoblin zombies (Ossuary)
  6 kobolds
  2 kobold zombies (Ossuary)
  3 orc zombies (Ossuary)
  2 quokka skeletons
  8 rats
289 creatures vanquished.

Vanquished Creatures (others)
  A scorpion (Ossuary)
  An orc zombie (Ossuary)
2 creatures vanquished.

Grand Total: 291 creatures vanquished

Notes
Turn   | Place    | Note
-------+----------+-------------------------------------------
     0 | D:1      | mobi the Minotaur Gladiator began the quest for the Orb.
     0 | D:1      | Reached XP level 1. HP: 18/18 MP: 0/0
   321 | D:1      | Reached skill level 3 in Fighting
   348 | D:1      | Reached XP level 2. HP: 26/26 MP: 1/1
   804 | D:2      | Reached XP level 3. HP: 31/31 MP: 2/2
   940 | D:2      | Reached skill level 4 in Fighting
   942 | D:2      | Reached XP level 4. HP: 38/40 MP: 3/3
   960 | D:2      | Reached skill level 5 in Polearms
  1407 | D:2      | Found a deep blue altar of Sif Muna.
  1422 | D:2      | Noticed Terence
  1431 | D:2      | Killed Terence
  1521 | D:2      | Found a runed door.
  1660 | D:2      | Noticed Crazy Yiuf
  1674 | D:2      | Killed Crazy Yiuf
  1674 | D:2      | Reached skill level 5 in Fighting
  1674 | D:2      | Reached XP level 5. HP: 10/48 MP: 2/4
  2294 | D:3      | Reached XP level 6. HP: 56/56 MP: 5/5
  2407 | D:3      | Found a blossoming altar of Fedhas.
  2410 | D:3      | Found a basalt altar of Yredelemnul.
  2675 | D:4      | Found a sand-covered staircase.
  2687 | Ossuary  | Entered an ossuary
  2728 | Ossuary  | Reached skill level 6 in Fighting
  2967 | Ossuary  | Reached XP level 7. HP: 64/64 MP: 6/6
  3105 | Ossuary  | Reached skill level 7 in Fighting
  3334 | D:4      | Found Leifeop's Food Shop.
  3666 | D:4      | Reached skill level 8 in Fighting
  3860 | D:4      | Found a glowing silver altar of Zin.
  3861 | D:4      | Found an opulent altar of Gozag.
  4021 | D:4      | Found a burning altar of Makhleb.
  4068 | D:4      | Reached XP level 8. HP: 68/75 MP: 7/7
  4186 | D:4      | Became a worshipper of Makhleb the Destroyer
  4230 | D:5      | Entered Level 5 of the Dungeon
  4366 | D:5      | Noticed Pikel
  4457 | D:5      | Found an ancient bone altar of Kikubaaqudgha.
  4458 | D:5      | Noticed Blork the orc
  4573 | D:5      | Killed Blork the orc
  4621 | D:5      | Reached skill level 1 in Armour
  4747 | D:5      | Killed Pikel
  4747 | D:5      | Reached skill level 9 in Fighting
  4996 | D:5      | Noticed Menkaure
  5001 | D:5      | Killed Menkaure
  5001 | D:5      | Reached skill level 5 in Dodging
  5197 | D:6      | Found Xuedotih's Armour Boutique.
  5349 | D:6      | Reached XP level 9. HP: 81/85 MP: 8/8
  5392 | D:6      | Reached * piety under Makhleb
  5494 | D:6      | Found a white marble altar of Elyvilon.
  5578 | D:6      | Noticed Grinder
  5590 | D:6      | Killed Grinder
  5602 | D:6      | Reached skill level 10 in Fighting
  5602 | D:6      | Reached skill level 5 in Armour
  6003 | D:7      | Found a bloodstained altar of Trog.
  6078 | D:7      | Found a glowing golden altar of the Shining One.
  6093 | D:7      | Found a staircase to the Ecumenical Temple.
  6440 | D:7      | Reached skill level 11 in Fighting
  6505 | D:7      | Reached ** piety under Makhleb
  6655 | D:8      | Noticed a death yak
  6660 | D:8      | Reached XP level 10. HP: 96/96 MP: 9/9
  6661 | D:8      | Noticed a death yak
  6663 | D:8      | Noticed a death yak
  6663 | D:8      | Noticed a two-headed ogre
  6664 | D:8      | Killed a death yak
  6670 | D:8      | Noticed Gastronok
  6677 | D:7      | Killed a death yak
  6954 | D:8      | Killed a death yak
  6954 | D:8      | Reached skill level 12 in Fighting
  7615 | D:8      | Found a staircase to the Lair.
  7872 | D:8      | Killed Gastronok
  7872 | D:8      | Reached XP level 11. HP: 105/105 MP: 10/10
  8107 | D:8      | Noticed a two-headed ogre
  8117 | D:8      | Killed a two-headed ogre
  8391 | D:8      | Found an ancient bone altar of Kikubaaqudgha.
  8504 | D:9      | Noticed Grum
  8538 | D:9      | Reached skill level 10 in Armour
  8701 | D:9      | Noticed a two-headed ogre
  8824 | D:9      | Reached skill level 13 in Fighting
  8824 | D:9      | Reached skill level 10 in Dodging
  8898 | D:9      | Killed a two-headed ogre
  8926 | D:9      | Killed Grum
  8935 | D:9      | Reached *** piety under Makhleb
  9010 | D:9      | Killed a two-headed ogre
  9592 | D:9      | Noticed a two-headed ogre
  9614 | D:9      | Killed a two-headed ogre
 10097 | D:10     | Entered Level 10 of the Dungeon
 10443 | D:10     | Reached skill level 14 in Fighting
 10619 | D:10     | Reached **** piety under Makhleb
 10787 | D:10     | Noticed a two-headed ogre
 10794 | D:10     | Killed a two-headed ogre
 10794 | D:10     | Reached XP level 12. HP: 86/117 MP: 10/12
 11503 | Lair:1   | Entered Level 1 of the Lair of Beasts
 12005 | Lair:2   | Noticed Harold
 12012 | Lair:2   | Noticed Sonja
 12077 | Lair:2   | Reached skill level 5 in Invocations
 12106 | Lair:1   | Killed Harold
 12270 | Lair:2   | Found a staircase to the Swamp.
 12442 | Lair:2   | You fall through a shaft!
 12578 | Lair:2   | Cast into level 1 of the Abyss (Sonja)
 12644 | Abyss:1  | Noticed a rakshasa
 12652 | Abyss:1  | Noticed a tentacled starspawn
 12654 | Abyss:1  | Quit the game

Skill      XL: |  1  2  3  4  5  6  7  8  9 10 11 12 |
---------------+-------------------------------------+-----
Fighting       | 3 4 5 6 8 9 11 12 14 | 14.0
Polearms       | 4 5 6 7 8 |  8.9
Armour         | 4 7 9 11 | 11.4
Dodging        | 5 7 9 11 | 11.1
Invocations    | 2 6 |  6.7
Throwing       | |  2.0

Action                   |  1- 3 |  4- 6 |  7- 9 | 10-12 || total
-------------------------+-------+-------+-------+-------++-------
Melee: Trident           |    55 |    52 |       |       ||   107
       Headbutt          |     9 |    19 |    43 |    95 ||   166
       Quarterstaff      |       |    65 |   222 |   410 ||   697
 Fire: Shortbow          |       |       |       |    40 ||    40
Throw: Throwing net      |       |     4 |       |     2 ||     6
       Stone             |       |     8 |    23 |     1 ||    32
       Tomahawk          |       |       |       |     2 ||     2
Invok: Lesser Servant of |       |       |       |     1 ||     1
Evoke: Wand              |       |       |    18 |    10 ||    28
  Use: Potion            |       |     2 |       |     5 ||     7
       Scroll            |       |       |    15 |     6 ||    21
 Stab: Held in net/web   |       |     2 |       |       ||     2
       Petrified         |       |       |     2 |       ||     2
       Confused          |       |       |     4 |       ||     4
       Petrifying        |       |       |     1 |     1 ||     2
       Paralysed         |       |       |     5 |     5 ||    10
  Eat: Chunk             |       |     6 |    12 |    17 ||    35
       Royal jelly       |       |       |       |     1 ||     1
Armor: Leather armour    |    10 |     7 |       |       ||    17
       Ring mail         |       |     1 |       |       ||     1
       Scale mail        |       |     9 |       |       ||     9
       Chain mail        |       |    15 |    65 |     2 ||    82
       Plate armour      |       |       |    14 |   227 ||   241
Dodge: Dodged            |    18 |    34 |    87 |   284 ||   423
Block: Buckler           |     2 |     4 |       |       ||     6
